 Dungeon Sprint DCSS version 0.28.0-43-g3370ac3207 (webtiles) character file.

Game seed: 10802228497621777547

1271 boopmooplesden the Fighter (level 8, -1/111 (127) HPs)
             Began as a Minotaur Berserker on Mar 22, 2022.
             Was a High Priest of Trog.
             Killed from afar by Josephine (17 damage)
             ... with a ghostly fireball
             ... in the Dungeon (Sprint III: "The Ten Rune Challenge").
             The game lasted 00:02:14 (1434 turns).

boopmooplesden the Fighter (Minotaur Berserker)     Turns: 1434, Time: 00:02:14

HP:   -1/111 (127)  AC:  3    Str: 22    XL:     8   Next: 28%
MP:   7/7           EV: 13    Int:  4    God:    Trog [*****.]
Gold: 37            SH:  6    Dex: 12    Spells: 7/7 levels left

rFire   . . .      SeeInvis .   n - +0 long sword (holy)
rCold   . . .      Faith    .   m - +0 kite shield
rNeg    . . .      Spirit   .   b - +0 animal skin
rPois   .          Reflect  .   (helmet restricted)
rElec   .          Harm     .   k - +0 cloak
rCorr   .          Rampage  .   (no gloves)
Will    .....      NoTele   +   (no boots)
Stlth   ..........              (no amulet)
HPRegen 0.28/turn               (no ring)
MPRegen 0.10/turn               (no ring)

@: berserking (expiring), heavily drained, very quick
A: horns 2, retaliatory headbutt
a: Renounce Religion, Berserk, Trog's Hand, Brothers in Arms


You were in the Dungeon.
You worshipped Trog.
Trog was extremely pleased with you.
You visited 1 branch You collected 37 gold pieces.

Inventory:

Hand Weapons
 a - a +0 spear
 j - a +2 quarterstaff of chaos
 n - a +0 long sword of holy wrath (weapon)
Armour
 b - a +0 animal skin (worn)
 k - a +0 cloak (worn)
 m - a +0 kite shield (worn)
Scrolls
 h - a scroll of blinking
Potions
 c - a potion of curing
 d - 3 potions of heal wounds
 e - a potion of haste
 f - 2 potions of magic
 g - 2 potions of berserk rage
 i - a potion of might
 l - 4 potions of mutation
 o - 3 potions of flight
Miscellaneous
 p - a tin of tremorstones (2/2)


   Skills:
 + Level 12.8 Fighting
 + Level 1.7 Long Blades
 + Level 12.7(13.2) Polearms
 + Level 5.8(10.0) Staves
 + Level 6.4 Armour
 + Level 7.6 Dodging
 + Level 4.8 Stealth


You had 7 spell levels left.
You didn't know any spells.
Your spell library was empty.

Dungeon Overview and Level Annotations

Branches:
Dungeon (1/1)

Altars:
Cheibriados
Dithmenos
Elyvilon
Fedhas
Gozag
Hepliaklqana
Kikubaaqudgha
Makhleb
Nemelex Xobeh
Okawaru
Qazlal
Ru
Sif Muna
Trog
Uskayaw
Vehumet
Wu Jian
Xom
Yredelemnul
Zin
The Shining One
Beogh
Jiyva
Lugonu

Annotations:
D Josephine


Innate Abilities, Weirdness & Mutations

You have a pair of horns on your head.
You reflexively headbutt those who attack you in melee.


Message History

Josephine is severely wounded.
Josephine draws life force from you!!
Josephine is healed by the life force!
You barely miss Josephine.
Josephine is heavily wounded.
Josephine hits you with a +0 dagger.
You closely miss Josephine.
Josephine is moderately wounded.
Josephine hits you with a +0 dagger!
You closely miss Josephine.
Josephine is moderately wounded.
Josephine hits you with a +0 dagger.
You barely miss Josephine.
Josephine is moderately wounded.
Josephine points at you and mumbles some strange words.
The ghostly flame explodes!
The ghostly fireball engulfs you!!
You feel drained.
The ghostly fireball engulfs Josephine.
Josephine completely resists.
You slash Josephine! You headbutt Josephine.
Josephine is heavily wounded.
Josephine hits you with a +0 dagger!
You closely miss Josephine. You headbutt Josephine!
Josephine is severely wounded.
Josephine casts a spell at you.
The ghostly flame explodes!
The ghostly fireball engulfs you!!
You feel drained.
* * * LOW HITPOINT WARNING * * *
The ghostly fireball engulfs Josephine.
Josephine completely resists.
You slash Josephine!
Josephine is severely wounded.
Josephine barely misses you.
You closely miss Josephine. Your headbutt misses Josephine.
Josephine is severely wounded.
Josephine screams, "Die!"
Josephine hits you with a +0 dagger.
* * * LOW HITPOINT WARNING * * *
You slash Josephine!
Josephine is almost dead.
Josephine gestures at you while chanting.
The ghostly flame explodes!
The ghostly fireball engulfs you!
You feel drained.
You die...

..#÷..#__)#._#
..###'#'###)##
..#..........#
..'.⌠........#
..#...######'#
..#.⌠.#__#...#+#####
..#...#__#...#..≈≈≈+
..#)###__#...#.#§§§#
..#):.#__#...'.#@§§#
..#___#__'...#.#§@§#
▓▓▓▓▓▓▓▓▓▓▓▓▓▓▓▓▓▓▓▓


You could see Josephine.

Vanquished Creatures
  A deep elf pyromancer (D)
  A shadow (D)
  A spatial vortex (D)
  A necrophage (D)
  A water elemental (D)
  A jelly (D)
  Crazy Yiuf (D)
  A wizard (D)
  A necromancer (D)
  3 humans (D)
  A kobold demonologist (D)
  An endoplasm (D)
  3 rats (D)
17 creatures vanquished.

Notes
Turn   | Place    | Note
-------+----------+-------------------------------------------
     0 | D        | boopmooplesden the Minotaur Berserker began the quest for
                  | the Orb.
     0 | D        | Reached XP level 1. HP: 19/19 MP: 0/0
    31 | D        | Reached ** piety under Trog
   153 | D        | Noticed Crazy Yiuf
   165 | D        | Reached skill level 5 in Fighting
   165 | D        | Reached skill level 5 in Polearms
   165 | D        | Reached XP level 2. HP: 29/29 MP: 1/1
   167 | D        | Killed Crazy Yiuf
   168 | D        | Reached XP level 3. HP: 16/37 MP: 2/2
   426 | D        | Noticed a water elemental
   434 | D        | Killed a water elemental
   434 | D        | Reached *** piety under Trog
   435 | D        | Reached skill level 1 in Staves
   435 | D        | Reached skill level 1 in Stealth
   435 | D        | Reached XP level 4. HP: 25/47 MP: 3/3
   623 | D        | Found a basalt altar of Yredelemnul.
   623 | D        | Found a shadowy altar of Dithmenos.
   623 | D        | Found a sacrificial altar of Ru.
   623 | D        | Noticed a necrophage
   632 | D        | Killed a necrophage
   633 | D        | Reached XP level 5. HP: 57/57 MP: 4/4
   672 | D        | Found a hide-covered altar of Uskayaw.
   672 | D        | Found an iron altar of Okawaru.
   673 | D        | Found a bloodstained altar of Trog.
   673 | D        | Found an ornate altar of the Wu Jian Council.
   673 | D        | Noticed a human
   673 | D        | Noticed a human
   678 | D        | Killed a human
   679 | D        | Reached skill level 10 in Fighting
   679 | D        | Reached skill level 10 in Polearms
   679 | D        | Reached skill level 5 in Armour
   679 | D        | Reached skill level 5 in Dodging
   679 | D        | Reached XP level 6. HP: 66/66 MP: 5/5
   683 | D        | Killed a human
   683 | D        | Reached **** piety under Trog
   821 | D        | Found a glowing silver altar of Zin.
   821 | D        | Found a glowing golden altar of the Shining One.
   821 | D        | Found a white marble altar of Elyvilon.
   823 | D        | Noticed a deep elf pyromancer
   828 | D        | Noticed a fire elemental
   828 | D        | Killed a deep elf pyromancer
   829 | D        | Reached skill level 5 in Staves
   829 | D        | Reached XP level 7. HP: 77/77 MP: 6/6
   908 | D        | Found a radiant altar of Vehumet.
   908 | D        | Found a shimmering blue altar of Sif Muna.
   908 | D        | Found an ancient bone altar of Kikubaaqudgha.
   912 | D        | Noticed an orange demon
   916 | D        | Reached ***** piety under Trog
  1038 | D        | Noticed a shadow
  1043 | D        | Reached XP level 8. HP: 82/84 MP: 7/7
  1051 | D        | Reached skill level 1 in Long Blades
  1133 | D        | Found a blossoming altar of Fedhas.
  1133 | D        | Found a stormy altar of Qazlal.
  1133 | D        | Found a snail-covered altar of Cheibriados.
  1133 | D        | Found a burning altar of Makhleb.
  1133 | D        | Found a shimmering altar of Xom.
  1134 | D        | Found a hazy altar of Hepliaklqana.
  1134 | D        | Found an opulent altar of Gozag.
  1134 | D        | Found a sparkling altar of Nemelex Xobeh.
  1134 | D        | Found a corrupted altar of Lugonu.
  1134 | D        | Found a viscous altar of Jiyva.
  1153 | D        | Received a gift from Trog
  1420 | D        | Noticed Josephine
  1434 | D        | Killed from afar by Josephine

Illustrated notes

Levels and vault maps discovered:
D:        dungeon_sprint_mu [sprint_mu_entry_cave, sprint_mu_temple_rooms,
          sprint_mu_d1_horrors, sprint_mu_d2_genie, sprint_mu_d3_branching,
          sprint_mu_orc_legion, sprint_mu_elf_gauntlet, sprint_mu_hive_nellie,
          sprint_mu_lair_fedhas, sprint_mu_vaults_butterflies,
          sprint_mu_slime_circle, sprint_mu_shoals_kraken,
          sprint_mu_snake_twists, sprint_mu_blade_basic,
          sprint_mu_crypt_chambers, sprint_mu_tomb_spiral,
          sprint_mu_vestibule_basic, sprint_mu_gehenna_hellfire,
          sprint_mu_dis_giant, sprint_mu_tartarus_statrot,
          sprint_mu_cocytus_islands, sprint_mu_zot1]

Skill      XL: |  1  2  3  4  5  6  7  8 |
---------------+-------------------------+-----
Fighting       | 5 6 7 9 10 12 | 12.8
Polearms       | 5 6 7 9 10 12 | 12.7
Armour         | 3 4 5 6 |  6.4
Dodging        | 3 4 5 7 |  7.6
Staves         | 1 2 5 |  5.8
Stealth        | 1 2 3 4 |  4.8
Long Blades    | 1 |  1.7

Action                   |  1- 3 |  4- 6 |  7- 9 || total
-------------------------+-------+-------+-------++-------
Melee: Spear             |    22 |       |       ||    22
       Headbutt          |     2 |     2 |     8 ||    12
       Quarterstaff      |     6 |    21 |       ||    27
       Long sword        |       |       |    32 ||    32
Invok: Berserk           |     2 |     3 |     2 ||     7
  Use: Scroll            |     5 |       |       ||     5
 Stab: Sleeping          |     1 |       |     1 ||     2
Armor: Animal skin       |       |     1 |     2 ||     3
Dodge: Dodged            |    11 |     7 |    10 ||    28
Block: Kite shield       |       |       |     5 ||     5
